 Seeded DCSS version 0.30.1-11-g7821555f0a (webtiles) character file.

Game seed: 6962973379254283827 (custom seed)

395 Psyclone the Conjurer (level 6, 0/32 HPs)
             Began as a Deep Elf Conjurer on Nov 7, 2023.
             Slain by a gnoll
             ... wielding a +0 halberd
              (6 damage)
             ... on level 3 of the Dungeon.
             The game lasted 00:09:25 (2937 turns).

Psyclone the Conjurer (Deep Elf Conjurer)           Turns: 2937, Time: 00:09:25

Health: 0/32       AC:  4    Str:  4    XL:     6   Next: 52%
Magic:  13/16      EV: 13    Int: 31    God:
Gold:   1386       SH:  0    Dex: 19    Spells: 13/16 levels left

rFire   . . .        o - +0 short sword
rCold   . . .        (no shield)
rNeg    . . .        a - +0 robe
rPois   .            (no helmet)
rElec   .            (no cloak)
rCorr   .            k - +0 pair of gloves
SInv    .            n - +0 pair of boots
Will    .....        (no amulet)
Stlth   ++           d - +6 ring of intelligence
HPRegen 0.25/turn    q - +6 ring of dexterity
MPRegen 0.15/turn

%: no passive effects
@: weakened
A: no striking features
a: no special abilities


You were on level 3 of the Dungeon.
You visited 1 branch of the dungeon, and saw 3 of its levels.

You collected 1386 gold pieces.

Inventory:

Hand Weapons
 o - a +0 short sword (weapon)
Armour
 a - a +0 robe (worn)
 k - a +0 pair of gloves (worn)
 n - a +0 pair of boots (worn)
Jewellery
 d - a +6 ring of intelligence (left hand)
 q - a +6 ring of dexterity (right hand)
Scrolls
 c - 4 scrolls of identify {unknown}
 f - a scroll of vulnerability {unknown}
 h - a scroll of noise {unknown}
 i - 2 scrolls of amnesia {unknown}
 l - a scroll of immolation {unknown}
 m - a scroll of fog {unknown}
Potions
 b - a potion of magic
 e - a potion of flight {unknown}
 g - 5 potions of attraction {unknown}
 j - 3 potions of heal wounds {unknown}


   Skills:
 - Level 2.4 Dodging
 - Level 2.4 Stealth
 + Level 5.8 Spellcasting
 * Level 7.5 Conjurations


You had 13 spell levels left.
You knew the following spells:

 Your Spells              Type           Power      Damage    Failure   Level
a - Magic Dart            Conj           100%       1d8       1%          1
b - Searing Ray           Conj           100%       2d8       1%          2

Your spell library contained the following spells:

 Spells                   Type           Power      Damage    Failure   Level
 Dazzling Flash           Conj/Hex       64%        N/A       3%          3
 Apportation              Tloc           18%        N/A       4%          1
 Scorch                   Fire           18%        2d5       8%          2
 Flame Wave               Conj/Fire      32%        2d9       11%         4
 Fulminant Prism          Conj/Hex       16%        3d10      11%         4
 Iskenderun's Mystic Bla  Conj/Tloc      32%        2d8       11%         4
 Tukima's Dance           Hex            9%         N/A       16%         3
 Passage of Golubria      Tloc           9%         N/A       45%         4
 Alistair's Intoxication  Tmut/Pois      6%         N/A       80%         5
 Yara's Violent Unravell  Hex/Tmut       4%         3d4       80%         5
 Summon Cactus Giant      Summ           4%         N/A       100%        6


Dungeon Overview and Level Annotations

Branches:
Dungeon (3/15) Zot: 15061

Altars:

Annotations:
D:3 1 transporter, mechapo's ghost, amateur GnWn


Message History

The gnoll bouda closely misses the gnoll.
The gnoll misses you. x2
The gnoll bouda hits you but does no damage.
The gnoll misses you. x2
The gnoll bouda closely misses you. The gnoll misses you.
The gnoll completely misses you.
You stop sporulating.
Your +0 short sword unmelds from your body.
Your +0 pair of gloves unmelds from your body.
Your +0 pair of boots unmelds from your body.
Your +0 robe unmelds from your body.
The gnoll bouda seems less confused.
The gnoll bouda barks out a call to the hunt!
The gnolls pick up the pace!
The gnoll hits you from afar with a +0 spear.
The gnoll closely misses you.
You take 2 damage, and have 24/32 hp.
The gnoll bouda gazes fiercely through you!
You feel your attacks grow feeble. The gnoll hits you with a +0 halberd.
The gnoll misses you.
You take 4 damage, and have 20/32 hp.
Casting: Searing Ray (safe; 1% risk of failure)
Confirm with . or Enter, or press ? or * to list all spells.
Aiming: Searing Ray (safe; 1% risk of failure)
Press: ? - help, Shift-Dir - straight line, f - gnoll bouda
Aim: a gnoll bouda, wielding a +0 whip, wearing a +0 leather armour and wearing a +5 ring of evasion (almost dead, 74% to hit)
The searing ray hits the gnoll bouda!
You kill the gnoll bouda!
The searing ray hits the gnoll!
You kill the gnoll!
The searing ray hits the gnoll.
The gnoll is moderately wounded. (Press . to maintain the ray.)
The gnoll hits you with a +0 halberd!
The gnoll hits you from afar with a +0 spear.
* * * LOW HITPOINT WARNING * * *
You take 14 damage, and have 6/32 hp.
MASSIVE DAMAGE!!
You now have 14/16 mp.
The searing ray misses the gnoll.
The searing ray hits mechapo's ghost!
Mechapo's ghost is moderately damaged.
The gnoll misses you. The gnoll hits you with a +0 halberd.
You die...

#....................###
#.≈≈≈≈≈≈≈≈~≈≈≈≈≈≈≈≈.##
#.≈≈≈≈≈≈≈≈~≈≈≈≈≈≈≈≈.#
##.≈≈####.....####≈≈.#
#..≈≈#..#8###8#..#≈≈.####
#..≈≈##.###.###.##≈≈.....
#..≈≈#..g........#≈≈.....
#..≈≈###g##'##.###≈≈....)
#..≈≈..#@#...#.#..≈≈.....
#..≈≈.##)#⌠.⌠#.##.≈≈.....
#..≈≈.#.g#...#..#.≈≈.....
#..≈≈.##W##.##.##.≈≈..###
#..≈≈..#.#...#.#......# #
#..~~.©#g'.©.'.#©.....# #
#..≈≈..#?#8⌠8#.#......#
#..≈≈.##.#####.##.≈≈.##
#..≈≈.#..#.gg#.©#.≈≈.#


You could see mechapo's ghost and 4 gnolls.

Vanquished Creatures
  Grinder (D:3)
  A gnoll bouda (D:3)
  Terence (D:3)
  5 adders
  A gnoll (D:3)
  A dart slug (D:2)
  3 worms
  7 orcs (D:3)
  4 endoplasms
  2 giant cockroaches (D:2)
  5 goblins
  7 hobgoblins
  2 jackals (D:3)
  5 kobolds
  3 quokkas
  9 ball pythons
  5 bats
  5 frilled lizards
  6 rats
73 creatures vanquished.

Notes
Turn   | Place    | Note
-------+----------+-------------------------------------------
     0 | D:1      | Psyclone the Deep Elf Conjurer began the quest for the Orb.
     0 | D:1      | Reached XP level 1. HP: 10/10 MP: 6/6
    67 | D:1      | Reached XP level 2. HP: 15/15 MP: 5/8
   113 | D:1      | Identified a scroll of acquirement
   113 | D:1      | Acquired 1271 gold pieces
   313 | D:1      | Learned a level 2 spell: Searing Ray
   828 | D:2      | Reached skill level 5 in Conjurations
  1028 | D:2      | Reached XP level 3. HP: 19/19 MP: 5/10
  1544 | D:2      | Reached XP level 4. HP: 22/24 MP: 9/12
  1901 | D:2      | Found a faded altar of an unknown god.
  2084 | D:3      | Reached skill level 6 in Conjurations
  2432 | D:3      | Noticed Grinder
  2439 | D:3      | Killed Grinder
  2440 | D:3      | Reached skill level 5 in Spellcasting
  2440 | D:3      | Reached skill level 7 in Conjurations
  2440 | D:3      | Reached XP level 5. HP: 28/28 MP: 4/15
  2440 | D:3      | Reached XP level 6. HP: 32/32 MP: 4/16
  2638 | D:3      | Noticed Terence
  2651 | D:3      | Killed Terence
  2726 | D:3      | Found a transporter.
  2732 | D:3      | Found a transporter.
  2735 | D:3      | Noticed mechapo's ghost (amateur GnWn)
  2937 | D:3      | Slain by a gnoll

Illustrated notes

Levels and vault maps discovered:
D:1:      saegor_arrival_simple_d, layout_rooms
D:2:      minmay_skewed_foursquare, layout_basic,
          shapermc_ecumenical_altar_venn, nicolae_half_adder
D:3:      layout_rooms, gammafunk_ghost_gnarly_gnolls, uniq_terence,
          uniq_grinder

Skill      XL: |  1  2  3  4 |
---------------+-------------+-----
Conjurations   | 5 7 |  7.5
Spellcasting   | 4 5 |  5.8
Dodging        | |  2.4
Stealth        | |  2.4

Action                     |  1- 3 |  4- 6 || total
---------------------------+-------+-------++-------
  Melee: Short sword       |       |     2 ||     2
         Unarmed           |       |     3 ||     3
   Cast: Magic Dart        |    76 |    56 ||   132
         Searing Ray       |       |     6 ||     6
    Use: Scroll            |     1 |       ||     1
         Potion            |       |     2 ||     2
 Armour: Skin              |       |     3 ||     3
  Dodge: Dodged            |     7 |    50 ||    57
